 Dungeon Crawl Stone Soup version 0.31.0-11-ge490571c62 (webtiles) character file.

Game seed: 12089944224479696235

7186 olmar the Geomancer (level 11, -6/74 HPs)
             Began as a Ghoul Earth Elementalist on Jan 27, 2024.
             Was an Initiate of Gozag.
             Mangled by a catoblepas (13 damage)
             ... while petrified by a catoblepas
             ... on level 1 of the Lair of Beasts.
             The game lasted 00:15:23 (10511 turns).

olmar the Geomancer (Ghoul Earth Elementalist)     Turns: 10511, Time: 00:15:23

Health: -6/74      AC: 16    Str: 13    XL:     11   Next: 11%
Magic:  14/24      EV:  2    Int: 18    God:    Gozag
Gold:   567        SH:  0    Dex: 15    Spells: 13/28 levels left

rFire   . . .        J - staff of earth
rCold   + . .        u - orb {*channel}
rNeg    + + +        H - +3 leather armour
rPois   ∞            S - +2 helmet
rElec   .            c - +1 cloak
rCorr   .            f - +0 pair of gloves
SInv    .            (no boots)
Will    .....        R - amulet of the acrobat
Stlth   ++           q - +6 ring of dexterity
HPRegen 0.00/turn    w - +4 ring of protection
MPRegen 0.19/turn

%: acrobat, channel magic (20%)
@: petrified, inhibited regen
A: claws 1, cold resistance 1, negative energy resistance 3, inhibited
regeneration, torment resistance 2, devour on kill
a: Renounce Religion, Potion Petition, Call Merchant, Bribe Branch


You were on level 1 of the Lair of Beasts.
You worshipped Gozag.
Gozag was pleased with you.
You visited 3 branches of the dungeon, and saw 11 of its levels.
You also visited: Sewer.

You collected 1458 gold pieces.
You spent 816 gold pieces at shops.
You paid 75 gold pieces to Gozag.

Inventory:

Hand Weapons
 x - a +5 short sword
Missiles
 i - 10 javelins
 k - 22 poisoned darts
 v - 5 boomerangs
 L - a throwing net
Armour
 c - a +1 cloak (worn)
 f - a +0 pair of gloves (worn)
 u - an orb of energy (worn)
 H - a +3 leather armour (worn)
 S - a +2 helmet (worn)
Magical Staves
 J - a staff of earth (weapon)
 O - the staff "Pavyes" {MP-9 Dex+2 Tloc Earth}
   (You found it on level 9 of the Dungeon)

   [staff of earth]

   Base accuracy: +5 Base damage: 5 Base attack delay: 1.2 This weapon's minimum
   attack delay (0.6) is reached at skill level 12.
   Dex+2:     It affects your dexterity (+2).
   MP-9:      It affects your magic capacity (-9).
   Tloc:      It increases the power of your Translocations spells.
   Earth:     It increases the power of your Earth spells.
   It falls into the 'Staves' category.
   It is a one-clawed weapon.
Jewellery
 q - a +6 ring of dexterity (left hand)
 w - a +4 ring of protection (right hand)
 F - a ring of ice
 M - a +6 ring of dexterity
 Q - a ring of see invisible
 R - an amulet of the acrobat (around neck)
Wands
 l - a wand of roots (5)
 m - a wand of flame (1)
 z - a wand of charming (16)
 K - a wand of light (13)
Scrolls
 a - a scroll of blinking {unknown}
 d - 4 scrolls of fog
 e - a scroll of amnesia
 h - 2 scrolls of torment
 j - 3 scrolls of identify
 n - a scroll of immolation
 p - 5 scrolls of poison
 r - a scroll of vulnerability {unknown}
 y - a scroll of summoning {unknown}
 A - 2 scrolls of fear {unknown}
 E - a scroll of brand weapon {unknown}
 P - 4 scrolls of teleportation
 T - a scroll of revelation
Potions
 b - a potion of magic
 g - 2 potions of enlightenment
 o - 3 potions of might
 s - 4 potions of brilliance
 t - a potion of cancellation
 B - 3 potions of heal wounds
 C - a potion of haste
 D - 3 potions of curing
 G - a potion of mutation {unknown}
 I - a potion of attraction
 N - a potion of resistance


   Skills:
 - Level 1.8 Dodging
 - Level 2.1 Stealth
 + Level 9.1 Spellcasting
 + Level 6.3 Conjurations
 + Level 11.9 Earth Magic
 + Level 1.2 Evocations


You had 13 spell levels left.
You knew the following spells:

 Your Spells              Type           Power      Damage    Failure   Level
a - Sandblast             Erth           100%       2d20      1%          1
b - Stone Arrow           Conj/Erth      100%       3d13      4%          3
c - Passwall              Erth           67%        N/A       2%          3
d - Petrify               Alch/Erth      44%        N/A       24%         4
e - Brom's Barrelling Bo  Conj/Erth      58%        2d7       10%         4

Your spell library contained the following spells:

 Spells                   Type           Power      Damage    Failure   Level
 Dazzling Flash           Conj/Hex       38%        N/A       22%         3
 Apportation              Tloc           16%        N/A       26%         1
 Necrotise                Necr           32%        1d5       26%         1
 Mephitic Cloud           Conj/Alch/Air  15%        N/A       32%         3
 Jinxbite                 Hex            16%        N/A       36%         2
 Mercury Vapours          Alch/Air       16%        N/A       36%         2
 Flame Wave               Conj/Fire      19%        2d7       52%         4
 Inner Flame              Hex/Fire       8%         N/A       54%         3
 Vampiric Draining        Necr           8%         2d6       54%         3
 Volatile Blastmotes      Fire/Tloc      16%        2d11      54%         3
 Martyr's Knell           Necr/Summ      8%         N/A       88%         4
 Sticky Flame             Fire/Alch      8%         2d4       88%         4
 Freezing Cloud           Conj/Ice/Air   7%         6-21      91%         5
 Alistair's Intoxication  Alch           5%         N/A       99%         5
 Curse of Agony           Necr           8%         N/A       99%         5
 Starburst                Conj/Fire      9%         6d5       100%        6
 Maxwell's Capacitive Co  Air            4%         ∞         100%        8


Dungeon Overview and Level Annotations

Branches:
Dungeon (9/15)             Temple (1/1) D:4            Lair (1/5) D:9
  Sewer (visited)
    Orc: D:9-12

Altars:
Ashenzari
Cheibriados
Dithmenos
Fedhas
Gozag
Hepliaklqana
Kikubaaqudgha
Makhleb
Nemelex Xobeh
Okawaru
Qazlal
Ru
Sif Muna
Trog
Uskayaw
Vehumet
Wu Jian
Xom
Yredelemnul

Shops:
D:7 =:(?:

Annotations:
D:2 1 runed translucent door, Crazy Yiuf
D:8 1 runed translucent door, Strat's ghost, novice HuDe


Innate Abilities, Weirdness & Mutations

You are immune to poison.
You have sharp fingernails.
Your flesh is cold resistant. (rC+)
You are immune to negative energy. (rN+++)
You do not regenerate when monsters are visible.
You are immune to unholy pain and torment.
You thrive by killing the living.


Message History

The blast of calcifying dust hits you but does no damage.
You feel a surge of power!
The stone arrow hits the catoblepas!
The catoblepas is severely wounded.
You are engulfed in calcifying dust.
You are slowing down.
The catoblepas gores you but does no damage.
The catoblepas attacks as it pursues you!
The catoblepas gores you!
Your limbs are stiffening.
Unknown command.
Unknown command.
You feel a surge of power!
The stone arrow hits the catoblepas!
The catoblepas is severely wounded.
The catoblepas gores you but does no damage.
The catoblepas gores you. The cane toad stings you.
You have turned to stone.
The cane toad barely misses you. The catoblepas gores you!!
The cane toad barely misses you.
The catoblepas breathes a plume of calcifying dust at you.
The blast of calcifying dust hits you.
You are engulfed in calcifying dust.
The cane toad stings you.
The catoblepas breathes a plume of calcifying dust at you.
The blast of calcifying dust hits you but does no damage.
The cane toad stings you.
You are engulfed in calcifying dust.
The catoblepas breathes a plume of calcifying dust at you.
The blast of calcifying dust hits you but does no damage.
The cane toad stings you!
You are engulfed in calcifying dust.
The catoblepas gores you!! The cane toad stings you.
You are engulfed in calcifying dust.
The cane toad stings you!
* * * LOW HITPOINT WARNING * * *
The catoblepas gores you!
* * * LOW HITPOINT WARNING * * *
You are engulfed in calcifying dust.
The cane toad stings you but does no damage.
The catoblepas gores you!
* * * LOW HITPOINT WARNING * * *
You are engulfed in calcifying dust.
The cane toad stings you. The catoblepas gores you!!
You die...
Your body crumbles into a pile of gold.

...... # ......##. ........##
.........# #.......####
#..........# #........#
#...FY...## ##...@.[[.# ..
##..#...## ######## ..
#..#...######...##.. ..## ##
##.....##...........
...#######.###...................
....##...........................
.................................
.....<...........................
........>........................


You could see a catoblepas and a cane toad.

Vanquished Creatures
  Gastronok (D:8)
  Pikel (D:8)
  A gargoyle (D:7)
  A komodo dragon (D:9)
  A troll (D:9)
  7 yaks
  A wyvern (D:9)
  A steam dragon (D:8)
  Menkaure (D:7)
  A water moccasin (D:8)
  A sky beast (D:7)
  3 ice beasts
  2 orc warriors
  4 ogres
  2 black bears
  4 centaurs
  3 wolves
  A crocodile (Sewer)
  2 phantoms
  3 lemures (D:8)
  2 kobold brigands
  Blork the orc (D:6)
  4 bullfrogs
  A scorpion (D:5)
  A brain worm (Sewer)
  A gnoll sergeant (D:5)
  4 wights (D:8)
  A howler monkey (D:5)
  A bombardier beetle (D:5)
  A crimson imp (D:8)
  4 hounds
  A gnoll bouda (D:5)
  A sleepcap (D:7)
  2 iguanas
  3 orc wizards
  7 gnolls (D:5)
  9 adders
  A river rat (D:6)
  2 white imps
  5 dart slugs
  17 orcs
  8 endoplasms
  6 giant cockroaches
  7 goblins
  3 hobgoblins
  10 jackals
  3 quokkas
  7 ball pythons
  15 bats
  3 frilled lizards (D:1)
  21 kobolds
  5 rats
198 creatures vanquished.

Notes
Turn   | Place    | Note
-------+----------+-------------------------------------------
     0 | D:1      | olmar the Ghoul Earth Elementalist began the quest for the
                  | Orb.
     0 | D:1      | Reached XP level 1. HP: 14/14 MP: 3/3
   355 | D:1      | Reached XP level 2. HP: 16/20 MP: 0/4
   629 | D:1      | Reached skill level 4 in Earth Magic
   744 | D:1      | Reached XP level 3. HP: 26/26 MP: 4/6
  1080 | D:1      | Learned a level 3 spell: Stone Arrow
  1094 | D:2      | Found a faded altar of an unknown god.
  1270 | D:2      | Reached XP level 4. HP: 33/33 MP: 4/7
  1701 | D:2      | Found a runed translucent door.
  1702 | D:2      | Noticed Crazy Yiuf
  2343 | D:3      | Found a sacrificial altar of Ru.
  2343 | D:3      | Found a shimmering altar of Xom.
  2353 | D:3      | Reached skill level 5 in Earth Magic
  2641 | D:3      | Found an ancient bone altar of Kikubaaqudgha.
  3187 | D:4      | Noticed an ogre
  3193 | D:4      | Killed an ogre
  3194 | D:4      | Reached XP level 5. HP: 38/38 MP: 3/9
  3249 | D:4      | Learned a level 3 spell: Passwall
  3294 | D:4      | Found a staircase to the Ecumenical Temple.
  3384 | Temple   | Entered the Ecumenical Temple
  3435 | D:4      | Noticed an ogre
  3445 | D:4      | Killed an ogre
  3446 | D:4      | Reached skill level 6 in Earth Magic
  3446 | D:4      | Reached XP level 6. HP: 45/45 MP: 3/11
  3451 | D:4      | Learned a level 4 spell: Petrify
  3610 | D:4      | Reached skill level 1 in Conjurations
  3973 | D:4      | Found an opulent altar of Gozag.
  3997 | D:4      | Became a worshipper of Gozag Ym Sagoz the Greedy
  4018 | D:4      | Reached XP level 7. HP: 43/50 MP: 4/13
  4466 | D:5      | Entered Level 5 of the Dungeon
  4535 | D:5      | Reached skill level 7 in Earth Magic
  4731 | D:5      | Found a broken altar of Ashenzari.
  4793 | D:5      | Reached skill level 5 in Spellcasting
  4895 | D:5      | Reached XP level 8. HP: 57/57 MP: 5/15
  5525 | D:5      | Reached skill level 8 in Earth Magic
  6099 | D:6      | Found a bloodstained altar of Trog.
  6401 | D:6      | Found a glowing drain.
  6422 | Sewer    | Entered a sewer
  6606 | Sewer    | Reached XP level 9. HP: 62/62 MP: 5/18
  6806 | D:6      | Reached skill level 9 in Earth Magic
  7009 | D:6      | Noticed Blork the orc
  7012 | D:6      | Killed Blork the orc
  7134 | D:7      | Found Igieschim's Book Boutique.
  7207 | D:7      | Found Nuhoko's Jewellery Shop.
  7216 | D:7      | Bought an amulet of the acrobat for 360 gold pieces
  7302 | D:7      | Found Nepaeppo's Weapon Shoppe.
  7312 | D:7      | Learned a level 4 spell: Brom's Barrelling Boulder
  7326 | D:7      | Found Yreatuuh's Book Shoppe.
  7326 | D:7      | Noticed a walking crystal tome
  7327 | D:7      | Noticed a walking crystal tome
  7457 | D:7      | Noticed a gargoyle
  7461 | D:7      | Killed a gargoyle
  7832 | D:7      | Found Qeosuut's Magic Scroll Shop.
  7840 | D:7      | Bought a scroll of teleportation for 48 gold pieces
  7840 | D:7      | Bought a scroll of identify for 32 gold pieces
  7840 | D:7      | Bought 3 scrolls of poison for 192 gold pieces
  7840 | D:7      | Bought a scroll of revelation for 120 gold pieces
  7840 | D:7      | Bought a scroll of identify for 32 gold pieces
  7840 | D:7      | Bought a scroll of identify for 32 gold pieces
  8123 | D:7      | Noticed Menkaure
  8125 | D:7      | Killed Menkaure
  8197 | D:8      | Found a runed translucent door.
  8199 | D:8      | Noticed Strat's ghost (novice HuDe)
  8221 | D:8      | Reached skill level 10 in Earth Magic
  8273 | D:8      | Noticed Gastronok
  8286 | D:8      | Killed Gastronok
  8287 | D:8      | Reached skill level 5 in Conjurations
  8287 | D:8      | Reached XP level 10. HP: 49/69 MP: 0/22
  8693 | D:8      | Noticed Pikel
  8936 | D:8      | Found a radiant altar of Vehumet.
  8954 | D:8      | Found a burning altar of Makhleb.
  9004 | D:8      | Reached skill level 1 in Evocations
  9207 | D:8      | Killed Pikel
  9208 | D:8      | Reached skill level 11 in Earth Magic
  9586 | D:9      | Identified the staff "Pavyes" {MP-9 Dex+2 Tloc Earth}
  9814 | D:9      | Found a staircase to the Lair.
 10149 | Lair:1   | Entered Level 1 of the Lair of Beasts
 10221 | Lair:1   | Reached XP level 11. HP: 70/74 MP: 19/23
 10496 | Lair:1   | Noticed a catoblepas
 10511 | Lair:1   | Mangled by a catoblepas

Illustrated notes

Levels and vault maps discovered:
D:1:      pf_arrival_petrified_forest, layout_basic
D:2:      layout_rooms, nicolae_ecumenical_pavilion, minmay_statues_item,
          chequers_serial_rivers_micro_a, nrook_mini_backslash,
          minmay_hexomino_c4, uniq_crazy_yiuf_cottage
D:3:      layout_loops_ring, gammafunk_temple_overflow_pools,
          nicolae_overflow_two_pavilions, kennysheep_flooded_box,
          chequers_hall_statues_wall_a
D:4:      layout_loops_ring, nicolae_gozag_seed_capital,
          minmay_temple_entry_antechambers, hangedman_feature_mirror
D:5:      layout_cave_pools, evilmike_ruin_ashenzari
D:6:      layout_basic, lightli_temple_of_fire, portal_sewer_entry_b,
          hangedman_abyss_or_decor_jellyfish_corner, minmay_door_square,
          uniq_blork_the_orc
D:7:      layout_loops_ring, serial_shops, nicolae_shop_rolling_square,
          nicolae_shop_mannequins, shop, nicolae_shop_stone, nicolae_shop_stone,
          nicolae_the_louvre, uniq_menkaure
D:8:      layout_basic, grunt_temple_overflow_lords_of_destruction,
          hellmonk_ghost_happy_afterlife, uniq_pikel, uniq_gastronok
D:9:      layout_cave_pools, lair_entry_dummy
Temple:   cyrus_circular_temple
Lair:1:   layout_hall_layers, chequers_serial_rivers_micro_d, minivault_19,
          lemuel_fruit_tree

Skill      XL: |  1  2  3  4  5  6  7  8  9 10 11 |
---------------+----------------------------------+-----
Spellcasting   | 2 3 4 5 6 8 9 |  9.1
Earth Magic    | 4 5 6 7 8 10 11 | 11.9
Conjurations   | 1 2 5 6 |  6.3
Evocations     | 1 |  1.2
Dodging        | |  1.8
Stealth        | |  2.1

Action                     |  1- 3 |  4- 6 |  7- 9 | 10-12 || total
---------------------------+-------+-------+-------+-------++-------
  Melee: Unarmed           |     5 |       |       |       ||     5
         Staff             |       |       |     9 |     6 ||    15
  Throw: Javelin           |     4 |       |       |       ||     4
         Dart              |       |     7 |     1 |       ||     8
   Cast: Sandblast         |    46 |    60 |    36 |     8 ||   150
         Stone Arrow       |       |    13 |   106 |    71 ||   190
         Passwall          |       |       |       |     1 ||     1
  Evoke: Wand              |       |     2 |     4 |       ||     6
    Use: Scroll            |       |     3 |    12 |       ||    15
         Potion            |       |       |     2 |       ||     2
 Armour: Robe              |    24 |    17 |    10 |       ||    51
         Leather armour    |       |       |    38 |    67 ||   105
  Dodge: Dodged            |    20 |    23 |    40 |    59 ||   142
